 Dungeon Crawl Stone Soup version 0.19.0-11-g3fc08b3 (webtiles) character file.

282606 olma the Warrior (level 19, -3/277 HPs)
             Began as a Minotaur Berserker on Nov 7, 2016.
             Was the Champion of Trog.
             Slain by an orc knight
             ... wielding a +1 halberd
              (14 damage)
             ... on level 2 of the Vaults on Nov 9, 2016.
             The game lasted 08:31:27 (46376 turns).

olma the Warrior (Minotaur Berserker)              Turns: 46376, Time: 08:31:28

Health: -3/277     AC: 23    Str: 47    XL:     19   Next: 73%
Magic:  27/27      EV: 26    Int: 16    God:    Trog [******]
Gold:   1622       SH:  2    Dex: 30    Spells: 0 memorised, 18 levels left

rFire  . . .     SeeInvis .     O - +5 quarterstaff of Fatigue {freeze, Fragile MP+9 Str+5 Dex+4}
rCold  . . .     Gourm    .     G - +0 swamp dragon scales
rNeg   . . .     Faith    .     (shield currently unavailable)
rPois  +         Spirit   .     j - +2 hat
rElec  +         Reflect  +     X - +2 cloak
rCorr  .         Harm     .     E - +2 pair of gloves of the Valley {*Contam rElec Int+9 Dex+7}
MR     +....     Rnd*Rage +     f - +2 pair of boots
Stlth  ..........               g - +2 amulet of reflection
                                o - +6 ring of strength
                                F - ring of Okhlipp {rPois Str+4 Int+3 Dex+6}

@: berserking (expiring), marked, slowed
A: retaliatory headbutt, horns 2, berserk 1, MP-powered wands
a: Berserk, Trog's Hand, Brothers in Arms, Burn Spellbooks, Renounce Religion
}: 2/15 runes: decaying, gossamer


You were on level 2 of the Vaults.
You worshipped Trog.
Trog was exalted by your worship.
You were hungry.

You visited 6 branches of the dungeon, and saw 33 of its levels.
You visited the Abyss 1 time.
You also visited: Volcano.

You collected 3607 gold pieces.
You spent 1985 gold pieces at shops.

Inventory:

Hand Weapons
 k - the +7 great mace of Focus {speed, rElec Int+7}
   (Trog gifted it to you on level 1 of the Orcish Mines)

   Attacks with this weapon are significantly faster.
   It affects your intelligence (+7).
   It insulates you from electricity.
 n - the +0 hand crossbow "Zuesiw" {penet, *Contam Int+6 Stlth+}
   (You found it on level 12 of the Dungeon)

   Ammo fired by it will pass through the targets it hits, potentially hitting
   all targets in its path until it reaches maximum range.
   It affects your intelligence (+6).
   It causes magical contamination when unequipped.
   It makes you more stealthy.
 v - the +7 arbalest "Novven" {venom, Str+2 Dex-4 SInv Stlth+}
   (Trog gifted it to you on level 3 of the Spider Nest)

   It poisons the ammo it fires.
   It affects your strength (+2).
   It affects your dexterity (-4).
   It lets you see invisible.
   It makes you more stealthy.
 y - a +5 demon blade of venom
 z - a +6 antimagic flail
 B - a +4 triple crossbow of freezing
 O - the +5 quarterstaff of Fatigue (weapon) {freeze, Fragile MP+9 Str+5 Dex+4}
   (You found it on level 1 of the Vaults)

   It has been specially enchanted to freeze those struck by it, causing extra
   injury to most foes and up to half again as much damage against particularly
   susceptible opponents.
   It can also slow down cold-blooded creatures.
   It affects your strength (+5).
   It affects your dexterity (+4).
   It affects your magic capacity (+9).
   It will be destroyed if unequipped.
 T - a +5 demon whip of draining
Missiles
 J - 451 arrows
 L - 732 bolts
Armour
 a - a +2 buckler of protection
 d - a +3 ring mail of fire resistance
 f - a +2 pair of boots (worn)
 j - a +2 hat (worn)
 E - the +2 pair of gloves of the Valley (worn) {*Contam rElec Int+9 Dex+7}
   (You found it on level 5 of the Lair of Beasts)

   It affects your intelligence (+9).
   It affects your dexterity (+7).
   It insulates you from electricity.
   It causes magical contamination when unequipped.
 G - +0 swamp dragon scales (worn)
 S - a +1 chain mail of poison resistance
 X - a +2 cloak (worn)
Jewellery
 g - a +2 amulet of reflection (around neck)
 m - an uncursed amulet of regeneration
 o - a +6 ring of strength (right hand)
 C - an uncursed ring of protection from magic
 F - the ring of Okhlipp (left hand) {rPois Str+4 Int+3 Dex+6}
   (You bought it in a shop on level 2 of the Orcish Mines)

   [ring of strength]

   It affects your strength (+4).
   It affects your intelligence (+3).
   It affects your dexterity (+6).
   It protects you from poison.
 I - an uncursed ring of poison resistance
 U - an uncursed ring of see invisible
 Z - an uncursed ring of protection from fire
Scrolls
 e - 8 scrolls of remove curse
 h - 7 scrolls of fear
 w - 5 scrolls of blinking
 D - 2 scrolls of enchant weapon
 M - 10 scrolls of teleportation
 N - 2 scrolls of summoning
Potions
 c - 5 potions of heal wounds
 i - 7 potions of might
 l - 18 potions of curing
 p - 2 potions of haste
 s - 2 potions of resistance
 t - 2 potions of berserk rage
 u - 3 potions of magic
 H - a potion of cancellation
 K - 3 potions of cure mutation
 P - 2 potions of invisibility
 R - 3 potions of agility
 V - 5 potions of flight
Comestibles
 b - 6 bread rations
 q - 5 meat rations
 r - 5 beef jerkies
 x - 34 chunks of flesh
 A - 5 slices of pizza
 Q - 12 fruits
 Y - 4 royal jellies


   Skills:
 - Level 20.0 Fighting
   Level 0.2(13.5) Axes
 - Level 19.9(20.0) Maces & Flails
 * Level 12.1 Crossbows
 - Level 13.1 Armour
 - Level 13.0 Dodging
 - Level 15.1 Stealth
 - Level 4.6 Shields


You had 18 spell levels left.
You didn't know any spells.

Dungeon Overview and Level Annotations

Branches:
Dungeon (15/15)            Temple (0/1) D:4            Lair (6/6) D:11
  Swamp (4/4) Lair:3       Spider (4/4) Lair:3        Slime (0/5) Lair:5
    Orc (2/2) D:11            Elf (0/3) Orc:2        Vaults (2/5) D:14
 Depths (0/5) D:15
  Crypt: Vaults:2-3

Altars:
Dithmenos
Hepliaklqana
Kikubaaqudgha
Makhleb
Nemelex Xobeh
Okawaru
Ru
Trog
Uskayaw
Xom
Yredelemnul
The Shining One
Beogh

Shops:
Orc:2 ([*=   Vaults:1 [

Annotations:
Lair:5 exclusion: 5 oklob plants
Spider:1 exclusion: Roxanne, Roxanne


Innate Abilities, Weirdness & Mutations

You reflexively headbutt those who attack you in melee.
You have a pair of horns on your head.
You tend to lose your temper in combat.
You expend magic power (3 MP) to strengthen your wands.


Message History

Something hits you.
* * * LOW HITPOINT WARNING * * *
Something freezes you.
* * * LOW HITPOINT WARNING * * *
An orc warrior, an ogre and an ironheart preserver come into view.
Items here: ( )) [[ †† You feel a strong urge to attack something.
The orc knight roars a battlecry!
The orc warrior goes into a battle-frenzy!
The orc knight roars a battlecry!
The orc warrior goes into a battle-frenzy!
The ironheart preserver moves out of view.
An ogre comes into view. It is wielding a giant club.
The orc knight misses you.
You feel your anger subside.
The deep elf archer shoots an arrow.
The orc knight hits you from afar with an enchanted halberd.
* * * LOW HITPOINT WARNING * * *
The orc knight hits you from afar with an enchanted halberd!
You die...

#......# #......#
#......# #......#
#(.....# #......#
#..)...# #.))...#
#)).@..# +(o.p..#
#.o(.p.# #)).cc.#
#))O...# #eO)Oo.#
#############O.cR.T##
......pe.p..)...hc.p...
)...........)....(.po..


You could see a vault warden, a vault guard, 2 orc knights, a rakshasa, an ogre
mage, a vault sentinel, a deep elf archer, 4 yaktaurs, a troll, a warg, an orc
warrior and 3 ogres.

Vanquished Creatures
  the Lernaean hydra (Swamp:4)
  Arachne (Spider:4)
  Jorgrun (Spider:2)
  Asterion (Spider:1)
  Agnes (Spider:3)
  4 ghost moths
  An orc warlord (Orc:2)
  5 vault wardens
  4 emperor scorpions
  3 ironheart preservers
  3 very ugly things (Vaults:1)
  4 entropy weavers
  A stone giant (Vaults:2)
  29 slime creatures
  A dire elephant (D:15)
  Nessos (Lair:5)
  A deep elf annihilator (Vaults:2)
  6 spark wasps
  A deep elf death mage (Vaults:2)
  Snorg (Lair:5)
  A fire dragon (Lair:6)
  Josephine (Orc:1)
  3 yaktaur captains (Vaults:1)
  A rakshasa (D:14)
  Fannar (Lair:2)
  9 vault guards
  Harold (Orc:1)
  27 hydras
  2 ghost crabs
  9 alligators
  8 centaur warriors
  A dancing weapon (Orc:2)
  A queen ant (Lair:5)
  2 death knights (Vaults:1)
  3 orc high priests
  4 death yaks
  7 ogre magi
  2 tengu warriors (D:15)
  A deep troll earth mage (Vaults:1)
  3 skeletal warriors (Vaults:1)
  4 spriggan druids
  4 unseen horrors
  A glowing orange brain (Vaults:1)
  A shambling mangrove (Swamp:2)
  2 deep trolls (Vaults:1)
  8 hill giants
  2 wizards
  2 ironbrand convokers
  9 orc knights
  A deep elf archer (Vaults:2)
  9 swamp dragons
  4 orc sorcerers
  A phantasmal warrior (Vaults:1)
  9 ugly things
  29 wolf spiders
  14 orb spiders
  2 cyclopes
  3 moths of wrath (Spider:1)
  A salamander (D:15)
  2 elephants (Lair:6)
  A deep elf mage (D:15)
  4 manticores
  A vault sentinel (Vaults:1)
  A black mamba (Lair:6)
  2 centaur zombies
  Joseph (D:7)
  Psyche (D:11)
  5 torpor snails
  2 gargoyles
  18 komodo dragons
  25 spiny frogs
  4 rime drakes
  13 demonic crawlers
  24 yaktaurs
  6 freezing wraiths
  A kobold demonologist (D:13)
  A komodo dragon (shapeshifter) (Vaults:1)
  2 ice devils (D:13)
  An efreet (Lair:2)
  12 trolls
  20 jumping spiders
  12 hornets
  15 two-headed ogres
  18 blink frogs
  Grinder (D:6)
  A two-headed ogre (shapeshifter) (Vaults:1)
  7 tyrant leeches
  13 bog bodies
  12 hippogriffs
  13 dream sheep
  64 redbacks
  2 centaur simulacra (D:13)
  A water elemental (D:13)
  3 shadows
  7 spriggans
  8 wyverns
  38 yaks
  5 wraiths
  3 basilisks
  21 tarantellas
  2 hungry ghosts (D:13)
  3 steam dragons (Lair:6)
  20 vampire mosquitoes
  A mottled dragon (Lair:5)
  16 swamp worms
  16 soldier ants
  14 insubstantial wisps
  4 wargs (Orc:1)
  2 hell hounds
  11 porcupines
  18 water moccasins
  47 orc warriors
  Duvessa (D:5)
  16 swamp drakes
  5 ice beasts
  2 black bears
  2 sky beasts
  An eye of draining (D:9)
  A necrophage (D:9)
  36 ogres
  5 boggarts (Vaults:1)
  5 wolves
  11 centaurs
  12 crocodiles
  3 big kobolds
  2 earth elementals
  27 bullfrogs
  A wyvern zombie (D:10)
  2 wyvern skeletons
  8 scorpions
  Dowan (D:5)
  An orc simulacrum (Vaults:1)
  4 killer bees (D:9)
  An electric eel (D:13)
  2 vampire bats (D:4)
  8 howler monkeys
  6 wights
  11 crimson imps
  3 hounds
  25 orc priests
  2 bullfrog skeletons
  6 jellies
  32 orc wizards
  8 centaur skeletons
  Jessica (D:2)
  Ijyb (D:2)
  Natasha (thrice) (D:2)
  12 iguanas
  36 worker ants
  5 hell rats (Lair:6)
  A killer bee zombie (D:5)
  A hound zombie (D:5)
  A hound skeleton (D:8)
  A worker ant zombie (D:8)
  8 gnolls
  8 adders
  A river rat (Lair:6)
  4 shadow imps
  A white imp (D:13)
  An ooze (D:6)
  A worm (D:5)
  4 dart slugs
  7 leopard geckos
  105 orcs
  4 bats
  A bat skeleton (D:4)
  3 bat zombies (D:4)
  2 giant cockroaches
  4 goblins
  6 hobgoblins
  6 jackals
  38 kobolds
  5 quokkas
  A ball python (D:1)
  4 frilled lizards
  A giant cockroach zombie (D:5)
  A leopard gecko skeleton (D:4)
  A leopard gecko zombie (D:7)
  4 rats
  A butterfly (Lair:4)
  A plant (D:6)
1343 creatures vanquished.

Vanquished Creatures (collateral kills)
  Mara (Spider:3)
  A thorn hunter (Swamp:4)
  A ghost moth (Spider:3)
  Louise (D:14)
  2 entropy weavers
  A hydra (Swamp:3)
  3 catoblepae
  The ghost of dobroeutro the Archer, a novice CeHu of Okawaru (D:10)
  A death yak (Lair:6)
  A lindwurm (Lair:6)
  A hill giant (D:10)
  An orb spider (Spider:1)
  A black mamba (Lair:6)
  3 blink frogs
  A bog body (Swamp:3)
  3 slime creatures (D:15)
  2 redbacks
  2 soldier ants (Lair:5)
  A swamp worm (Swamp:4)
  2 water moccasins
30 creatures vanquished.

Vanquished Creatures (others)
  A redback (Spider:3)
  A water moccasin (Lair:5)
  22 fungi
  18 plants
42 creatures vanquished.

Grand Total: 1415 creatures vanquished

Notes
Turn   | Place    | Note
-------+----------+-------------------------------------------
     0 | D:1      | olma the Minotaur Berserker began the quest for the Orb.
     0 | D:1      | Reached XP level 1. HP: 19/19 MP: 0/0
   273 | D:1      | Reached XP level 2. HP: 22/26 MP: 1/1
   955 | D:1      | Reached skill level 5 in Maces & Flails
  1049 | D:2      | Reached XP level 3. HP: 23/31 MP: 2/2
  1110 | D:2      | Noticed Natasha
  1115 | D:2      | Killed Natasha
  1435 | D:2      | Reached XP level 4. HP: 39/39 MP: 3/3
  1457 | D:2      | Noticed Jessica
  1464 | D:2      | Killed Jessica
  1464 | D:2      | Reached ** piety under Trog
  1973 | D:2      | Noticed Natasha
  1977 | D:2      | Killed Natasha
  2009 | D:2      | Noticed Natasha
  2027 | D:2      | Killed Natasha
  2027 | D:2      | Reached XP level 5. HP: 45/45 MP: 4/4
  2097 | D:2      | Noticed Ijyb
  2110 | D:2      | Killed Ijyb
  2948 | D:4      | Found a bloodstained altar of Trog.
  3123 | D:4      | Found a glowing golden altar of the Shining One.
  3262 | D:4      | Noticed an ogre
  3270 | D:4      | Killed an ogre
  3270 | D:4      | Reached XP level 6. HP: 51/51 MP: 5/5
  3604 | D:4      | Found a shimmering altar of Xom.
  3626 | D:4      | Reached XP level 7. HP: 49/57 MP: 6/6
  3735 | D:4      | Found a staircase to the Ecumenical Temple.
  3849 | D:4      | Found an ancient bone altar of Kikubaaqudgha.
  3871 | D:4      | Reached skill level 10 in Maces & Flails
  4024 | D:4      | Reached *** piety under Trog
  4141 | D:5      | Entered Level 5 of the Dungeon
  4712 | D:5      | Noticed Dowan
  4730 | D:5      | Killed Dowan
  4759 | D:5      | Noticed Duvessa
  4774 | D:5      | Killed Duvessa
  4774 | D:5      | Reached XP level 8. HP: 64/64 MP: 7/7
  4937 | D:5      | Found an iron altar of Okawaru.
  5081 | D:5      | Found a hazy altar of Hepliaklqana.
  5081 | D:5      | Found a hide-covered altar of Uskayaw.
  5132 | D:5      | Found a basalt altar of Yredelemnul.
  5160 | D:5      | Found a sparkling altar of Nemelex Xobeh.
  5470 | D:6      | Reached **** piety under Trog
  5755 | D:6      | Noticed a gargoyle
  5763 | D:6      | Killed a gargoyle
  5815 | D:6      | Found a burning altar of Makhleb.
  5888 | D:6      | Noticed Grinder
  5913 | D:6      | Killed Grinder
  6133 | D:6      | Found a sacrificial altar of Ru.
  6566 | D:7      | Reached XP level 9. HP: 70/70 MP: 8/8
  6878 | D:7      | Noticed Joseph
  6890 | D:7      | Killed Joseph
  7467 | D:8      | Reached skill level 15 in Maces & Flails
  7767 | D:8      | Found a shadowy altar of Dithmenos.
  8369 | D:9      | Reached XP level 10. HP: 77/77 MP: 9/9
  8460 | D:9      | Reached skill level 1 in Shields
  8595 | D:9      | Reached ***** piety under Trog
  8713 | D:9      | Reached skill level 5 in Armour
  9080 | D:10     | Entered Level 10 of the Dungeon
  9259 | D:10     | Noticed a hill giant
  9273 | D:10     | Killed a hill giant
  9376 | D:10     | Noticed dobroeutro's ghost (novice CeHu)
  9381 | D:10     | Noticed a hill giant
  9382 | D:10     | Killed dobroeutro's ghost
  9384 | D:10     | Killed a hill giant
  9533 | D:10     | Reached XP level 11. HP: 64/82 MP: 10/10
  9577 | D:10     | Reached skill level 10 in Armour
  9652 | D:10     | Reached skill level 4 in Fighting
 10050 | D:11     | Found a staircase to the Lair.
 10085 | D:11     | Reached skill level 5 in Fighting
 10333 | D:11     | Noticed Psyche
 10345 | D:11     | Killed Psyche
 10345 | D:11     | Reached skill level 6 in Fighting
 10785 | D:10     | Reached skill level 7 in Fighting
 10988 | D:11     | Noticed a red ugly thing
 10996 | D:11     | Found a staircase to the Orcish Mines.
 11010 | D:11     | Killed an unseen horror
 11015 | D:10     | Killed a red ugly thing
 11015 | D:10     | Reached skill level 8 in Fighting
 11325 | D:11     | Found a roughly hewn altar of Beogh.
 11539 | Lair:1   | Entered Level 1 of the Lair of Beasts
 11597 | Lair:1   | Reached skill level 9 in Fighting
 11721 | Lair:1   | Reached skill level 10 in Fighting
 11792 | Lair:1   | Reached skill level 11 in Fighting
 12310 | Lair:1   | Reached skill level 12 in Fighting
 12616 | Lair:2   | Reached XP level 12. HP: 108/112 MP: 11/11
 12756 | Lair:2   | Noticed Fannar
 12766 | Lair:2   | Killed Fannar
 12948 | Lair:2   | Reached skill level 13 in Fighting
 13050 | Lair:2   | Found a dark tunnel.
 13069 | Volcano  | Entered a volcano
 13557 | Lair:2   | Received a gift from Trog
 13886 | Lair:3   | Noticed an eight-headed hydra
 13893 | Lair:3   | Killed an eight-headed hydra
 14029 | Lair:3   | Noticed a catoblepas
 14037 | Lair:3   | Killed a catoblepas
 14037 | Lair:3   | Reached skill level 14 in Fighting
 14341 | Lair:3   | Found a hole to the Spider Nest.
 14520 | Lair:3   | Found a staircase to the Swamp.
 14755 | Lair:3   | Reached skill level 15 in Fighting
 15079 | Lair:4   | Noticed a seven-headed hydra
 15088 | Lair:4   | Killed a seven-headed hydra
 15559 | Lair:4   | Reached skill level 5 in Crossbows
 15905 | Lair:5   | Found a staircase to the Slime Pits.
 16131 | Lair:5   | Noticed Nessos
 16132 | Lair:5   | Received a gift from Trog
 16368 | Lair:5   | Killed Nessos
 16368 | Lair:5   | Reached XP level 13. HP: 107/127 MP: 12/12
 16602 | Lair:5   | Noticed an entropy weaver
 16621 | Lair:5   | Killed an entropy weaver
 16689 | Lair:5   | Noticed an entropy weaver
 16696 | Lair:5   | Killed an entropy weaver
 17129 | Lair:5   | Noticed Snorg
 17136 | Lair:5   | Killed Snorg
 17379 | Lair:5   | Got a pair of jewelled gloves
 17385 | Lair:5   | Identified the +2 pair of gloves of the Valley {*Contam rElec Int+9 Dex+7} (You found it on level 5 of the Lair of Beasts)
 17508 | Lair:5   | Reached skill level 10 in Crossbows
 17749 | Lair:6   | Entered Level 6 of the Lair of Beasts
 17774 | Lair:6   | Reached skill level 1 in Stealth
 18204 | Lair:6   | Reached skill level 5 in Stealth
 18267 | Lair:6   | Received a gift from Trog
 18481 | Lair:6   | Reached ****** piety under Trog
 18635 | Lair:6   | Received a gift from Trog
 18813 | Lair:6   | Reached XP level 14. HP: 135/135 MP: 13/13
 20091 | Lair:6   | Reached skill level 10 in Stealth
 20299 | Lair:6   | Received a gift from Trog
 20642 | Orc:1    | Entered Level 1 of the Orcish Mines
 20722 | Orc:1    | Noticed Harold
 20955 | Orc:1    | Killed Harold
 20955 | Orc:1    | Reached skill level 5 in Dodging
 21486 | Orc:1    | Received a gift from Trog
 21570 | Orc:1    | Noticed Josephine
 21572 | Orc:1    | Killed Josephine
 21899 | Orc:1    | Upgraded the game from 0.19.0-9-gfd783f2 to 0.19.0-11-g3fc08b3
 21994 | Orc:2    | Entered Level 2 of the Orcish Mines
 22102 | Orc:1    | Received a gift from Trog
 22222 | Orc:1    | Got an ichor-stained great mace {god gift}
 22223 | Orc:1    | Identified the +7 great mace of Focus {speed, rElec Int+7} (Trog gifted it to you on level 1 of the Orcish Mines)
 22940 | Orc:2    | Paralysed by an orc sorcerer for 3 turns
 23190 | Orc:2    | Noticed an orc warlord
 23568 | Orc:2    | Killed an orc warlord
 24379 | Orc:2    | Received a gift from Trog
 24806 | Orc:2    | Found Boercha's General Store.
 24812 | Orc:2    | Found Nuuchezxer's Jewellery Shop.
 24815 | Orc:2    | Found Suturr's Antique Armour Shop.
 24815 | Orc:2    | Found Facade Zigas's Antique Weapon Boutique.
 24832 | Orc:2    | Bought the ring of Okhlipp {rPois Str+4 Int+3 Dex+6} for 970 gold pieces
 24885 | Orc:2    | Reached XP level 15. HP: 141/141 MP: 4/14
 25045 | Orc:2    | Bought a potion of experience for 700 gold pieces
 25051 | Orc:2    | Reached skill level 16 in Fighting
 25051 | Orc:2    | Reached XP level 16. HP: 151/151 MP: 15/15
 25070 | Orc:2    | Bought a pair of glowing boots for 315 gold pieces
 25308 | Orc:2    | Reached skill level 10 in Dodging
 25371 | Orc:2    | Found a staircase to the Elven Halls.
 26194 | D:12     | Got an ichor-stained hand crossbow
 26195 | D:12     | Identified the cursed +0 hand crossbow "Zuesiw" {penet, *Contam Int+6 Stlth+} (You found it on level 12 of the Dungeon)
 26355 | D:12     | Gained mutation: You tend to lose your temper in combat. [mutagenic glow]
 27024 | D:13     | Received a gift from Trog
 27028 | D:13     | Reached skill level 17 in Fighting
 27098 | D:13     | Gained mutation: You expend magic power (3 MP) to strengthen your wands. [mutagenic glow]
 28270 | D:14     | Found a gate to the Vaults.
 28780 | D:14     | Noticed Louise
 28803 | D:14     | Cast into level 2 of the Abyss (Louise)
 28873 | D:14     | Escaped the Abyss
 28879 | D:14     | Killed Louise
 28879 | D:14     | Received a gift from Trog
 29231 | D:15     | Entered Level 15 of the Dungeon
 29266 | D:15     | Received a gift from Trog
 29569 | D:15     | Found a shadowy altar of Dithmenos.
 29786 | D:15     | Received a gift from Trog
 30043 | D:15     | Found a staircase to the Depths.
 30968 | Swamp:1  | Entered Level 1 of the Swamp
 31110 | Swamp:1  | Got a polished scimitar
 31333 | Swamp:1  | Reached XP level 17. HP: 161/161 MP: 16/16
 31918 | Swamp:2  | Received a gift from Trog
 33052 | Swamp:2  | Received a gift from Trog
 34451 | Swamp:4  | Entered Level 4 of the Swamp
 35512 | Swamp:4  | Noticed the 27-headed Lernaean hydra
 35553 | Swamp:4  | Killed the 27-headed Lernaean hydra
 35589 | Swamp:3  | Received a gift from Trog
 36014 | Swamp:4  | Got a decaying rune of Zot
 36474 | Swamp:4  | Received a gift from Trog
 36918 | Spider:1 | Entered Level 1 of the Spider Nest
 37036 | Spider:1 | Noticed Roxanne
 37147 | Spider:1 | Noticed Asterion
 37156 | Spider:1 | Killed Asterion
 37288 | Spider:1 | Reached XP level 18. HP: 91/169 MP: 17/17
 39164 | Spider:2 | Received a gift from Trog
 39607 | Spider:3 | Noticed Jorgrun
 39693 | Spider:2 | Killed Jorgrun
 40298 | Spider:3 | Noticed Agnes
 40302 | Spider:3 | Noticed Mara
 40305 | Spider:3 | Killed Agnes
 40310 | Spider:3 | Killed Mara
 40597 | Spider:4 | Entered Level 4 of the Spider Nest
 40768 | Spider:4 | Received a gift from Trog
 41322 | Spider:3 | Received a gift from Trog
 41717 | Spider:3 | Got a bloodstained arbalest {god gift}
 41719 | Spider:3 | Identified the +7 arbalest "Novven" {venom, Str+2 Dex-4 SInv Stlth+} (Trog gifted it to you on level 3 of the Spider Nest)
 42108 | Spider:4 | Reached skill level 15 in Stealth
 42351 | Spider:4 | Noticed Arachne
 42566 | Spider:4 | Killed Arachne
 42775 | Spider:4 | Reached XP level 19. HP: 179/179 MP: 18/18
 42907 | Spider:4 | Got a gossamer rune of Zot
 43339 | D:11     | Reached skill level 18 in Fighting
 43483 | Vaults:1 | Entered Level 1 of the Vaults
 43597 | Vaults:1 | Received a gift from Trog
 44304 | Vaults:1 | Got a crystal quarterstaff
 44305 | Vaults:1 | Identified the +5 quarterstaff of Fatigue {freeze, Fragile MP+9 Str+5 Dex+4} (You found it on level 1 of the Vaults)
 44315 | Vaults:1 | Found Edosaoce's Antique Armour Shoppe.
 44504 | Vaults:1 | Reached skill level 19 in Fighting
 45300 | Vaults:1 | Received a gift from Trog
 45884 | Vaults:1 | Reached skill level 20 in Fighting
 46365 | Vaults:2 | Received a gift from Trog
 46373 | Vaults:2 | HP: 12/277 [something (3)]
 46376 | Vaults:2 | Slain by an orc knight

Skill      XL: |  1  2  3  4  5  6  7  8  9 10 11 12 13 14 15 16 17 18 19 |
---------------+----------------------------------------------------------+-----
Maces & Flails | 4 5 7 8 9 11 13 16 19 | 19.9
Shields        | 4 |  4.6
Armour         | 9 10 13 | 13.1
Fighting       | 12 15 16 17 20 | 20.0
Crossbows      | 6 10 12 | 12.1
Stealth        | 7 10 11 15 | 15.1
Dodging        | 9 10 13 | 13.0
Axes           | |  0.2

Action                   |  1- 3 |  4- 6 |  7- 9 | 10-12 | 13-15 | 16-18 | 19-21 || total
-------------------------+-------+-------+-------+-------+-------+-------+-------++-------
Melee: Mace              |    52 |    94 |    26 |       |       |       |       ||   172
       Headbutt          |     9 |    13 |    63 |   177 |    96 |   223 |   133 ||   714
       Morningstar       |       |       |    33 |       |       |       |       ||    33
       Dagger            |       |       |    10 |     2 |       |       |       ||    12
       Hand axe          |       |       |    49 |       |       |       |       ||    49
       Flail             |       |       |   129 |   612 |   261 |   121 |       ||  1123
       Great mace        |       |       |       |       |    54 |   517 |     2 ||   573
       Demon whip        |       |       |       |       |       |   113 |       ||   113
       Longbow           |       |       |       |       |       |     1 |       ||     1
       Demon blade       |       |       |       |       |       |     3 |    38 ||    41
       Lajatang          |       |       |       |       |       |     3 |       ||     3
       Quarterstaff      |       |       |       |       |       |       |   302 ||   302
 Fire: Hand crossbow     |       |       |       |     7 |       |    70 |       ||    77
       Arbalest          |       |       |       |       |   318 |    28 |    20 ||   366
       Longbow           |       |       |       |       |    96 |   676 |     9 ||   781
Invok: Berserk           |     1 |     7 |     6 |    10 |    10 |    11 |     3 ||    48
       Burn Spellbooks   |       |       |     1 |       |       |     5 |       ||     6
       Brothers in Arms  |       |       |       |     3 |     2 |     9 |       ||    14
  Use: Scroll            |       |       |    17 |     7 |     6 |    10 |     3 ||    43
       Potion            |       |       |       |     2 |     1 |       |       ||     3
 Stab: Distracted        |       |       |       |       |       |     4 |     1 ||     5
       Sleeping          |       |       |       |       |       |       |     7 ||     7
  Eat: Chunk             |     2 |     6 |    11 |    13 |    27 |    12 |     6 ||    77
       Bread ration      |       |     2 |     2 |     4 |     2 |     4 |     1 ||    15
       Beef jerky        |       |       |     1 |     2 |     1 |       |       ||     4
       Fruit             |       |       |       |       |     2 |     1 |     1 ||     4
       Meat ration       |       |       |       |       |       |     8 |       ||     8
Armor: Animal skin       |     5 |    10 |    16 |       |       |       |       ||    31
       Ring mail         |       |       |    32 |   171 |    74 |       |       ||   277
       Plate armour      |       |       |     9 |       |       |       |       ||     9
       Chain mail        |       |       |       |     2 |    39 |   341 |       ||   382
       Swamp dragon scal |       |       |       |       |       |   142 |    73 ||   215
Dodge: Dodged            |    29 |    58 |   116 |   248 |   230 |   936 |   315 ||  1932
Block: Buckler           |       |       |       |    44 |       |     8 |       ||    52
       Other             |       |       |       |       |    15 |    71 |    21 ||   107
       Reflection        |       |       |       |       |     9 |     3 |     6 ||    18
       Rpst.: Demon blade |       |       |       |       |       |     1 |     8 ||     9
